 Dungeon Crawl Stone Soup version 0.28-a0-1130-gc51a68064b (webtiles) character file.

Game seed: 6581796915784094255

102 ReploidZero the Magician (level 5, -8/35 HPs)
             Began as a Djinni Fire Elementalist on Dec 13, 2021.
             Killed by an exploding adder (18 damage)
             ... ignited by their inner flame
             ... on level 3 of the Dungeon.
             The game lasted 00:05:31 (3791 turns).

ReploidZero the Magician (Djinni Fire Elementalist) Turns: 3791, Time: 00:05:34

Health: -8/35      AC:  2    Str:  7    XL:     5   Next: 6%
Gold:   39         EV: 12    Int: 18    God:
                   SH:  0    Dex: 14

rFire   + + .      SeeInvis .   g - +2 short sword (speed)
rCold   x . .      Faith    .   (no shield)
rNeg    + . .      Spirit   .   a - +0 robe
rPois   ∞          Reflect  .   (no helmet)
rElec   .          Harm     .   (no cloak)
rCorr   .          Rampage  .   (no gloves)
Will    +....                   (boots unavailable)
Stlth   ++........              (no amulet)
HPRegen 0.11/turn               j - ring of positive energy
MPRegen 0.00/turn               k - ring of willpower

@: flying
A: sickness immunity, fire resistance 2, cold vulnerability 1, float, innate
caster, hp casting, extra vitality 1
a: no special abilities


You were on level 3 of the Dungeon.
You visited 1 branch of the dungeon, and saw 3 of its levels.

You collected 39 gold pieces.

Inventory:

Hand Weapons
 g - a +2 short sword of speed (weapon)
Armour
 a - a +0 robe (worn)
Jewellery
 j - a ring of positive energy (left hand)
 k - a ring of willpower (right hand)
Scrolls
 c - a scroll of brand weapon {unknown}
 f - 5 scrolls of identify {unknown}
 l - a scroll of torment {unknown}
Potions
 b - a potion of magic {unknown}
 d - a potion of might {unknown}
 e - a potion of attraction {unknown}
 h - 2 potions of invisibility {unknown}
 i - a potion of flight {unknown}


   Skills:
 - Level 2.1 Dodging
 - Level 1.5 Stealth
 + Level 4.1 Spellcasting


You couldn't memorise any spells.
You knew the following spells:

 Your Spells              Type           Power      Damage    Failure   Level
a - Foxfire               Conj/Fire      72%        2x1d7     2%          1
b - Scorch                Fire           36%        2d7       4%          2
c - Conjure Flame         Conj/Fire      18%        6-21      8%          3
d - Inner Flame           Hex/Fire       18%        N/A       8%          3
e - Flame Wave            Conj/Fire      18%        2d5       26%         4
f - Summon Small Mammal   Summ           72%        N/A       2%          1
g - Wereblood             Tmut           18%        N/A       4%          2
Your spell library was empty.

Dungeon Overview and Level Annotations

Branches:
Dungeon (3/15)

Altars:
Elyvilon

Annotations:
D:3 Jessica


Innate Abilities, Weirdness & Mutations

You are immune to sickness and miasma.
You are immune to poison.
Your flesh is very heat resistant. (rF++)
You are vulnerable to cold. (rC-)
You float through the air rather than walking.
You learn spells naturally, not from books.
Your magical power is your life essence.
You have superior vitality. (+4 HP)


Message History

Confirm with . or Enter, or press ? or * to list all spells.
Okay, then.
Jessica the Apprentice Sorceress comes into view.
She is wielding a +0 club.
Found a stone staircase leading up.
An orc comes into view. It is wielding a +0 dagger.
Found a scroll labelled ZUEGIU SO AFYE.
The adder bites you but does no damage. The adder bites you.
You closely miss the adder.
The orc shouts!
The adder closely misses you.
You closely miss the adder.
An adder comes into view.
The adder closely misses you.
Jessica shouts!
The adder hisses angrily.
You hit the adder.
The adder is heavily wounded.
You hear a shout!
An orc wizard comes into view. It is wielding a +0 dagger.
The orc wizard shouts!
You hit the adder.
The adder is severely wounded.
The adder bites you.
Casting: Scorch (safe; 4% risk of failure)
Confirm with . or Enter, or press ? or * to list all spells.
Aiming: Inner Flame (dangerous; 8% risk of failure)
Press: ? - help, Dir - move target, f - adder
Aim: an adder (severely wounded, chance to affect: 81%)
The adder is filled with an inner flame.
The adder bites you. x2
An orc comes into view. It is wielding a +0 hand axe.
The orc wizard gestures at you while chanting.
The magic dart hits you!
Casting: Inner Flame (dangerous; 8% risk of failure)
Confirm with . or Enter, or press ? or * to list all spells.
Flames lash the adder.
* * * LOW HITPOINT WARNING * * *
The adder explodes!
The fiery explosion engulfs you!! You resist.
Ouch! That really hurt!
You die...

#.###.#####..# .. #...#
#....# .. ###.#######..
####
#########..........
.... .........#.##....
##### ##########.#.. #
.### #.#.# ... #.#.#
#.# #@.§# ########.#
#####.§# ##....>#...
#..@.§§# ##..........
..........##........(..
..........##..........#
.<.S......##..........#
..o...................#
.o........#..........).
..........##...........


There were no monsters in sight!

Vanquished Creatures
  5 adders (D:3)
  3 worms
  An orc (D:3)
  6 ball pythons
  4 endoplasms
  2 giant cockroaches (D:1)
  3 goblins (D:1)
  3 hobgoblins
  4 jackals (D:1)
  3 quokkas (D:1)
  4 bats (D:1)
  3 frilled lizards
  10 kobolds
  4 rats
55 creatures vanquished.

Vanquished Creatures (collateral kills)
  A frilled lizard (D:3)
1 creature vanquished.

Vanquished Creatures (others)
  147 foxfires
147 creatures vanquished.

Grand Total: 203 creatures vanquished

Notes
Turn   | Place    | Note
-------+----------+-------------------------------------------
     0 | D:1      | ReploidZero the Djinni Fire Elementalist began the quest
                  | for the Orb.
     0 | D:1      | Reached XP level 1. HP: 15/15 MP: 0/0
   658 | D:1      | Reached XP level 2. HP: 18/21 MP: 0/0
  1002 | D:1      | Reached skill level 3 in Spellcasting
  1436 | D:1      | Reached XP level 3. HP: 23/25 MP: 0/0
  1436 | D:1      | Learned a level 1 spell: Summon Small Mammal
  2965 | D:2      | Reached XP level 4. HP: 28/31 MP: 0/0
  3397 | D:3      | Found a white marble altar of Elyvilon.
  3407 | D:3      | Reached skill level 4 in Spellcasting
  3651 | D:3      | Reached XP level 5. HP: 24/35 MP: 0/0
  3651 | D:3      | Learned a level 2 spell: Wereblood
  3782 | D:3      | Noticed Jessica
  3791 | D:3      | Killed by an exploding adder... ignited by their inner
                  | flame

Illustrated notes

Levels and vault maps discovered:
D:1:      matt_arrival_los_fun, layout_loops_corners,
          chequers_serial_rivers_room_b, skrybe_limestone_x
D:2:      kennysheep_big_flooded_room, layout_basic
D:3:      layout_rooms, elyvilon_altar_1, minmay_cupped, uniq_jessica,
          uniq_sigmund

Skill      XL: |  1  2  3  4 |
---------------+-------------+-----
Spellcasting   | 3 4 |  4.1
Dodging        | |  2.1
Stealth        | |  1.5

Action                   |  1- 3 |  4- 6 || total
-------------------------+-------+-------++-------
Melee: Unarmed           |     1 |       ||     1
       Short sword       |     8 |    27 ||    35
 Cast: Foxfire           |    88 |     8 ||    96
       Scorch            |     8 |    12 ||    20
       Summon Small Mamm |       |     2 ||     2
       Inner Flame       |       |     1 ||     1
  Use: Scroll            |     1 |       ||     1
 Stab: Sleeping          |     1 |     1 ||     2
Armor: Robe              |     8 |     5 ||    13
Dodge: Dodged            |    13 |    13 ||    26

Table legend: (Time is in decaauts)
 A = Elapsed time spent in this place.
 B = Non-inter-level travel time spent in this place.
 C = Inter-level travel time spent in this place.
 D = Time resting spent in this place.
 E = Time spent auto-exploring this place.
 F = Levels seen in this place.
 G = Mean time per level.
                   A        B        C        D        E       F      G
               +--------+--------+--------+--------+--------+-----+--------+
         Total |   3779 |   3734 |     45 |      0 |   3378 |   3 | 1259.7 |
       Dungeon |   3779 |   3734 |     45 |      0 |   3378 |   3 | 1259.7 |
               +--------+--------+--------+--------+--------+-----+--------+

Top non-repeatable levels by time:
     D:1: 2472 daAuts
     D:3: 685 daAuts
     D:2: 621 daAuts
